 Dungeon Crawl Stone Soup version 0.29.0-4-gdea44cf6ec (webtiles) character file.

Game seed: 15119964827689729032

582 qw the Chopper (level 7, -2/41 HPs)
             Began as a Tengu Warper on Aug 28, 2022.
             Slain by a black bear (4 damage)
             ... on level 5 of the Dungeon.
             The game lasted 00:00:30 (4923 turns).

qw the Chopper (Tengu Warper)                       Turns: 4923, Time: 00:00:31

Health: -2/41      AC:  8    Str: 13    XL:     7   Next: 36%
Magic:  11/11      EV: 11    Int: 14    God:
Gold:   271        SH:  0    Dex: 13    Spells: 10/10 levels left

rFire   . . .      SeeInvis .   Y - +0 hand axe (freeze)
rCold   . . .      Faith    .   (no shield)
rNeg    . . .      Spirit   .   f - +0 scale mail
rPois   .          Reflect  .   (helmet restricted)
rElec   .          Harm     .   h - +0 cloak
rCorr   .          Rampage  .   n - +0 pair of gloves
Will    .....                   (boots unavailable)
Stlth   ..........              (no amulet)
HPRegen 0.13/turn               (no ring)
MPRegen 0.12/turn               (no ring)

@: about to teleport, flying quickly and evasively, quick
A: beak, talons 3, nimble flight
a: no special abilities


You were on level 5 of the Dungeon.
You visited 1 branch of the dungeon, and saw 5 of its levels.

You collected 271 gold pieces.


Innate Abilities, Weirdness & Mutations

You have a beak for a mouth.
You have claws for feet.
Your magical nature lets you fly swiftly and evasively.


   Skills:
 - Level 3.5 Fighting
 + Level 7.2 Axes
 - Level 2.6 Throwing
 - Level 2.1 Armour
 - Level 2.1 Dodging
 - Level 2.0 Spellcasting
 - Level 2.4 Translocations


You had 10 spell levels left.
You didn't know any spells.
Your spell library contained the following spells:

 Spells                   Type           Power      Damage    Failure   Level
 Blink                    Tloc           16%        N/A       54%         2
 Gell's Gravitas          Tloc           8%         N/A       77%         3
 Lesser Beckoning         Tloc           8%         N/A       77%         3
 Teleport Other           Tloc           8%         N/A       77%         3
 Manifold Assault         Tloc           8%         N/A       100%        5

Inventory:

Hand Weapons
 a - a +0 flail
 Y - a +0 hand axe of freezing (weapon)
Missiles
 j - a silver javelin (quivered)
Armour
 f - a +0 scale mail (worn)
 h - a +0 cloak (worn)
 n - a +0 pair of gloves (worn)
Scrolls
 d - 2 scrolls of teleportation
 e - a scroll of identify
Potions
 b - a potion of curing
 g - a potion of magic {unknown}
 i - a potion of ambrosia {unknown}
 k - a potion of heal wounds {unknown}
 l - a potion of haste {unknown}

Dungeon Overview and Level Annotations

Branches:
Dungeon (5/15)
 Temple: D:4-7

Altars:
Elyvilon
Gozag
Xom
Yredelemnul
The Shining One

Shops:
D:1 =

Annotations:
D:3 1 runed translucent door, Crazy Yiuf


Message History

You hit the orc. You freeze the orc. You hit something. You freeze something.
Reactivating autopickup.
You feel a bit more experienced. The hound closely misses you. x2
You hit the orc. You freeze the orc. You claw the orc.
You kill the orc!
You miss the hound. You barely miss the black bear. The black bear bites you.
The black bear claws you.
The black bear claws you but does no damage.
The hound bites you but does no damage.
You hit the hound. You freeze the hound. You peck the hound.
The hound is heavily wounded.
You hit the black bear but do no damage.
The hound barely misses you. The black bear closely misses you. x3
The hound bites you but does no damage.
You barely miss the hound. You peck the hound, but do no damage.
The hound is moderately wounded.
You hit the black bear but do no damage.
The black bear bites you!
The black bear claws you but does no damage.
The black bear barely misses you. The hound bites you but does no damage.
4921 ||| READING 3 scrolls of teleportation.
As you read the scroll of teleportation, it crumbles to dust.
You feel strangely unstable. The hound completely misses you.
The black bear bites you but does no damage.
The black bear claws you but does no damage. x2
You hit the hound but do no damage. Your kick misses the hound.
The hound is moderately wounded.
You hit the black bear. You freeze the black bear.
The hound bites you but does no damage. The black bear bites you.
The black bear misses you. The black bear barely misses you.
The hound closely misses you.
You hit the hound. You freeze the hound. Your kick misses the hound.
The hound is heavily wounded.
You hit the black bear. You freeze the black bear. The hound misses you.
The black bear bites you but does no damage.
The black bear barely misses you. The black bear claws you.
You die...

#|.........#
.#..........#
...(........
...........
#........
.#.....o.
.....#hh###
#...)@).#########
#..#....%..##....#
#####..(##....#
##........#
###.....<#
###....# #..<.#
#....# #....#


You could see a black bear, a hound and an orc.

Vanquished Creatures
  An ogre (D:4)
  A phantom (D:4)
  2 scorpions (D:4)
  A hound (D:5)
  Ijyb (D:3)
  2 orc wizards (D:5)
  8 gnolls (D:4)
  4 adders
  3 worms (D:3)
  A dart slug (D:1)
  2 orcs
  4 bats
  9 endoplasms
  3 giant cockroaches
  7 goblins
  8 hobgoblins
  4 jackals
  2 quokkas
  6 ball pythons
  3 frilled lizards
  7 kobolds
  7 rats
86 creatures vanquished.

Notes
Turn   | Place    | Note
-------+----------+-------------------------------------------
     0 | D:1      | qw the Tengu Warper began the quest for the Orb.
     0 | D:1      | Reached XP level 1. HP: 12/12 MP: 4/4
     0 | D:1      | 0 ||| qw: Version: 0.1-a-89-g26bdef1
     0 | D:1      | 0 ||| qw: Game counter: 2520
     0 | D:1      | 0 ||| qw: Always use a shield: true
     0 | D:1      | 0 ||| qw: God list: Okawaru
     0 | D:1      | 0 ||| qw: Allow faded altars: false
     0 | D:1      | 0 ||| qw: Do Orc after D:15 true
     0 | D:1      | 0 ||| qw: Do second Lair branch before Depths: true
     0 | D:1      | 0 ||| qw: Lair rune preference: random
     0 | D:1      | 0 ||| qw: Plans: Normal
     0 | D:1      | 0 ||| PLANNING D:1-11
    14 | D:1      | 14 ||| Stepping ~*~*~tactically~*~*~ (stealth).
    15 | D:1      | 15 ||| Stepping ~*~*~tactically~*~*~ (stealth).
    53 | D:1      | 53 ||| Stepping ~*~*~tactically~*~*~ (stealth).
    55 | D:1      | 55 ||| Stepping ~*~*~tactically~*~*~ (stealth).
   106 | D:1      | 106 ||| Stepping ~*~*~tactically~*~*~ (stealth).
   196 | D:1      | Reached XP level 2. HP: 17/17 MP: 6/6
   219 | D:1      | Found Yblen's Jewellery Shop.
   230 | D:1      | Reached skill level 3 in Axes
   557 | D:1      | 557 ||| Stepping ~*~*~tactically~*~*~ (stealth).
   565 | D:1      | 565 ||| Stepping ~*~*~tactically~*~*~ (stealth).
   568 | D:1      | 568 ||| Stepping ~*~*~tactically~*~*~ (stealth).
   569 | D:1      | 569 ||| Stepping ~*~*~tactically~*~*~ (stealth).
   582 | D:1      | 582 ||| Stepping ~*~*~tactically~*~*~ (stealth).
   722 | D:1      | 722 ||| SHOPLISTING +6 ring of dexterity (504 gold, have
                  | 45).
   722 | D:1      | 722 ||| SHOPLISTING +6 ring of strength (504 gold, have
                  | 45).
   722 | D:1      | 722 ||| SHOPLISTING amulet of reflection (420 gold, have
                  | 45).
   722 | D:1      | 722 ||| SHOPLISTING amulet of regeneration (420 gold, have
                  | 45).
   722 | D:1      | 722 ||| SHOPLISTING ring of positive energy (280 gold, have
                  | 45).
   722 | D:1      | 722 ||| SHOPLISTING ring of protection from fire (350 gold,
                  | have 45).
   820 | D:1      | 820 ||| Stepping ~*~*~tactically~*~*~ (hiding).
   922 | D:1      | 922 ||| Stepping ~*~*~tactically~*~*~ (hiding).
  1018 | D:1      | Reached XP level 3. HP: 15/21 MP: 7/7
  1181 | D:1      | 1181 ||| UPGRADING to +0 scale mail.
  1191 | D:1      | 1191 ||| DROPPING +0 leather armour.
  1192 | D:1      | 1192 ||| UPGRADING to +0 pair of gloves.
  1197 | D:1      | 1197 ||| DROPPING amulet of faith.
  1198 | D:1      | 1198 ||| READING scroll labelled YKHLOY TAMOI.
  1299 | D:1      | 1299 ||| READING 2 scrolls labelled HIS PAUCIOD.
  1304 | D:1      | 1304 ||| READING scroll labelled MONIZEDOIBB.
  1305 | D:1      | 1305 ||| READING scroll labelled CUMNAP JIXEMM.
  1306 | D:1      | 1306 ||| READING scroll labelled IWUWNAJOLO.
  1307 | D:1      | 1307 ||| DROPPING scroll of blinking.
  1308 | D:1      | 1308 ||| READING scroll of teleportation.
  1443 | D:2      | Reached skill level 4 in Axes
  1685 | D:2      | 1685 ||| DROPPING +0 club.
  1784 | D:2      | Found an opulent altar of Gozag.
  1833 | D:2      | 1833 ||| FLEEEEING.
  1834 | D:2      | 1834 ||| FLEEEEING.
  1835 | D:2      | 1835 ||| FLEEEEING.
  1836 | D:2      | 1836 ||| FLEEEEING.
  1837 | D:2      | 1837 ||| FLEEEEING.
  1838 | D:2      | 1838 ||| FLEEEEING.
  1839 | D:2      | 1839 ||| FLEEEEING.
  1840 | D:2      | 1840 ||| FLEEEEING.
  1845 | D:2      | 1845 ||| FLEEEEING.
  1846 | D:2      | 1846 ||| FLEEEEING.
  1847 | D:2      | 1847 ||| FLEEEEING.
  2321 | D:2      | 2321 ||| UPGRADING to +0 cloak.
  2326 | D:2      | 2326 ||| READING 2 scrolls labelled EGIOSUDWURPH.
  2327 | D:2      | 2327 ||| READING scroll of brand weapon.
  2327 | D:2      | 2327 ||| BRANDING +0 hand axe of protection.
  2328 | D:2      | 2328 ||| READING scroll labelled OGYMPIOKHLO.
  2367 | D:3      | 2367 ||| PLANNING SEWER
  2370 | D:3      | 2370 ||| STAIRDANCE
  2466 | D:3      | 2466 ||| STAIRDANCE
  2494 | D:3      | 2494 ||| STAIRDANCE
  2501 | D:3      | Reached XP level 4. HP: 24/26 MP: 8/8
  2632 | D:3      | Noticed Ijyb
  2668 | D:3      | Killed Ijyb
  2669 | D:3      | Reached skill level 5 in Axes
  2787 | D:3      | 2787 ||| Stepping ~*~*~tactically~*~*~ (stealth).
  2788 | D:3      | 2788 ||| Stepping ~*~*~tactically~*~*~ (stealth).
  2911 | D:3      | Found a runed translucent door.
  2912 | D:3      | Noticed Crazy Yiuf
  2946 | D:3      | Found a basalt altar of Yredelemnul.
  2948 | D:3      | Noticed a profane servitor
  2972 | D:3      | Found a glowing golden altar of the Shining One.
  2974 | D:3      | Noticed an angel
  3024 | D:3      | Found a white marble altar of Elyvilon.
  3138 | D:3      | 3138 ||| RIP SEWER
  3139 | D:3      | 3139 ||| PLANNING D:1-11
  3161 | D:3      | 3161 ||| DRINKING 4 ruby potions.
  3163 | D:3      | 3163 ||| READING 2 scrolls of identify.
  3163 | D:3      | 3163 ||| IDENTIFYING brown potion
  3164 | D:3      | 3164 ||| DROPPING potion of lignification.
  3165 | D:3      | 3165 ||| DROPPING 3 potions of flight.
  3166 | D:3      | 3166 ||| READING 4 scrolls of teleportation.
  3213 | D:3      | Gained mutation: Your magical nature lets you fly swiftly
                  | and evasively. [Tengu growth]
  3213 | D:3      | Reached XP level 5. HP: 30/30 MP: 9/9
  3228 | D:3      | 3228 ||| FLEEEEING.
  3229 | D:3      | 3229 ||| FLEEEEING.
  3242 | D:3      | 3242 ||| FLEEEEING.
  3260 | D:3      | 3260 ||| FLEEEEING.
  3387 | D:3      | 3387 ||| READING 3 scrolls of teleportation.
  3488 | D:4      | 3488 ||| DROPPING +0 whip.
  3905 | D:4      | Found a shimmering altar of Xom.
  3906 | D:4      | Noticed a phantom
  3915 | D:4      | Killed a phantom
  3916 | D:4      | Reached skill level 6 in Axes
  3916 | D:4      | Reached XP level 6. HP: 27/35 MP: 10/10
  4048 | D:4      | Reached skill level 7 in Axes
  4209 | D:4      | 4209 ||| FLEEEEING.
  4210 | D:4      | 4210 ||| FLEEEEING.
  4211 | D:4      | 4211 ||| FLEEEEING.
  4212 | D:4      | 4212 ||| FLEEEEING.
  4213 | D:4      | 4213 ||| FLEEEEING.
  4214 | D:4      | 4214 ||| FLEEEEING.
  4215 | D:4      | 4215 ||| FLEEEEING.
  4216 | D:4      | 4216 ||| FLEEEEING.
  4220 | D:4      | 4220 ||| FLEEEEING.
  4221 | D:4      | 4221 ||| FLEEEEING.
  4222 | D:4      | 4222 ||| FLEEEEING.
  4223 | D:4      | 4223 ||| FLEEEEING.
  4224 | D:4      | 4224 ||| FLEEEEING.
  4229 | D:4      | 4229 ||| FLEEEEING.
  4230 | D:4      | 4230 ||| STAIRDANCE
  4387 | D:3      | 4387 ||| READING 2 scrolls labelled RESELU SANLIAD.
  4388 | D:3      | 4388 ||| READING 2 scrolls of identify.
  4388 | D:3      | 4388 ||| IDENTIFYING purple potion
  4389 | D:3      | 4389 ||| DROPPING scroll of fear.
  4441 | D:4      | Reached skill level 3 in Fighting
  4567 | D:4      | 4567 ||| Stepping ~*~*~tactically~*~*~ (hiding).
  4568 | D:4      | 4568 ||| Stepping ~*~*~tactically~*~*~ (hiding).
  4579 | D:4      | Reached XP level 7. HP: 29/41 MP: 11/11
  4856 | D:4      | 4856 ||| READING 2 scrolls of identify.
  4856 | D:4      | 4856 ||| IDENTIFYING murky cyan potion
  4857 | D:4      | 4857 ||| DROPPING potion of attraction.
  4893 | D:5      | Entered Level 5 of the Dungeon
  4904 | D:5      | 4904 ||| Stepping ~*~*~tactically~*~*~ (hiding).
  4909 | D:5      | 4909 ||| Stepping ~*~*~tactically~*~*~ (hiding).
  4920 | D:5      | HP: 8/41 [black bear (7)]
  4921 | D:5      | 4921 ||| READING 3 scrolls of teleportation.
  4922 | D:5      | HP: 2/41 [black bear (6)]
  4923 | D:5      | Slain by a black bear

Levels and vault maps discovered:
D:1:      lightli_arrival_statuegarden, layout_rooms, serial_shops,
          nicolae_shop_window_shopping, minmay_circled_x
D:2:      layout_loops_ring, basic_altar
D:3:      layout_rooms, grunt_temple_overflow_holy_war,
          mainiacjoe_overflow_alcove_2, cheibrodos_sewer_entry_bend,
          minmay_circle_x, uniq_ijyb, uniq_crazy_yiuf_cottage
D:4:      layout_basic, xom_butterflies, minmay_close_crescents
D:5:      layout_rooms, temple_statues, chequers_serial_rivers_micro_d,
          grunt_decor_one_mirror, grunt_tough_drop

Skill      XL: |  1  2  3  4  5  6  7 |
---------------+----------------------+-----
Axes           | 3 4 5 6 7 |  7.2
Fighting       | 3 |  3.5
Throwing       | 2 |  2.6
Armour         | 2 |  2.1
Dodging        | |  2.1
Spellcasting   | |  2.0
Translocations | |  2.4

Action                   |  1- 3 |  4- 6 |  7- 9 || total
-------------------------+-------+-------+-------++-------
Melee: Hand axe          |   100 |    96 |    25 ||   221
       Kick              |    22 |    17 |    11 ||    50
       Punch             |     1 |     3 |       ||     4
       Peck              |     4 |     9 |     5 ||    18
Throw: Boomerang         |     7 |       |       ||     7
       Javelin           |     8 |    39 |     2 ||    49
  Use: Scroll            |     9 |     5 |     2 ||    16
       Potion            |       |     1 |       ||     1
Armor: Leather armour    |    15 |       |       ||    15
       Scale mail        |    21 |    14 |    18 ||    53
       Skin              |       |    18 |       ||    18
Dodge: Dodged            |    48 |    36 |    25 ||   109

Table legend:
 A = Non-vault XP
 B = Vault XP
 C = Vault XP percentage of total XP
 D = Non-vault monster count
 E = Vault monster count
 F = Vault count percentage of total count
                 A         B        C        D         E       F
            +---------+---------+-------+---------+---------+-------
      Total |     689 |     143 |  17.2 |      74 |      12 |  14.0
            +---------+---------+-------+---------+---------+-------
        D:1 |      27 |       7 |  20.6 |      17 |       4 |  19.0
        D:2 |      47 |       0 |   0.0 |      19 |       0 |   0.0
        D:3 |      44 |      54 |  55.1 |      12 |       6 |  33.3
        D:4 |     460 |      82 |  15.1 |      22 |       2 |   8.3
        D:5 |     111 |       0 |   0.0 |       4 |       0 |   0.0
            +---------+---------+-------+---------+---------+-------
